Checkers vs Heat
(R2)
Created - May 23, 2021 at 20:59
Goals
|
| Checkers |
1 |
2 |
4 |
7 |
| Heat |
0 |
0 |
4 |
4 |
|
Shots
|
| Checkers |
9 |
9 |
14 |
32 |
| Heat |
11 |
5 |
13 |
29 |
|
1st period
1. Checkers , Jonathan Huberdeau 7 (Tobias Rieder 3, William Colbert 3) at 4:18
Penalties :
Jake Virtanen (Cha) for Roughing (Minor) at 0:43, Colby Cohen (Sto) for Interference (Minor) at 15:14
2nd period
2. Checkers , Michael Latta 3 (Kerby Rychel 2, Jerry D'Amigo 1) at 12:19
3. Checkers , Jake Virtanen 2 (Quinton Howden 3, Matt Puempel 1) at 17:14
Penalties :
Mathieu Brodeur (Sto) for Roughing (Minor) at 0:23, Philip Varone (Sto) for Interference (Minor) at 5:42, Bryan Rust (Sto) for Roughing (Minor) at 17:19
3rd period
4. Heat , Kevin Labanc 4 (Victor Rask 4) at 0:31
5. Heat , Esa Lindell 2 (Bryan Rust 3, Philip Varone 7) at 1:47 (PP)
6. Checkers , Jake Virtanen 3 (Quinton Howden 4, Markus Nutivaara 3) at 6:18
7. Checkers , Michael Latta 4 (Jerry D'Amigo 2, Kerby Rychel 3) at 11:50
8. Checkers , Jake Virtanen 4 (Michal Jordan 3) at 16:19
9. Heat , Kevin Labanc 5 (Esa Lindell 7, Matthew Nieto 6) at 17:47
10. Checkers , Aleksander Barkov 3 (Tobias Rieder 4, Jonathan Huberdeau 11) at 18:04
11. Heat , Victor Rask 2 (Kevin Labanc 3, Matthew Nieto 7) at 19:33
Penalties :
Aleksander Barkov (Cha) for Hooking (Minor) at 1:27, Philip Varone (Sto) for Hooking (Minor) at 14:12
Goalie Stats
Igor Bobkov (Cha), 25 saves from 29 shots - (0.862), W, 4-0-0, 60:00 minutes
Antti Raanta (Sto), 25 saves from 32 shots - (0.781), L, 3-1-0, 60:00 minutes
Players Stats for Checkers
Player Name G A P +/- PIM S H SB GA TA FO MP PP MP PK MP
------------------------------------------------------------------------------------
Aaron Ekblad 0 0 0 1 0 1 1 1 0 0 0/0 25:48 5:16 0:57
Aleksander Barkov 1 0 1 2 2 3 0 0 1 0 10/37 20:44 4:53 0:00
Jake Virtanen 3 0 3 2 2 6 3 0 0 1 0/0 11:43 0:03 0:00
Jerry D'Amigo 0 2 2 0 0 3 1 0 0 0 0/0 19:23 4:59 1:25
John Draeger 0 0 0 2 0 0 2 1 0 1 0/0 12:47 0:00 1:22
Jonathan Huberdeau 1 1 2 2 0 2 5 0 2 2 1/1 20:45 4:53 0:00
Kerby Rychel 0 2 2 0 0 0 2 0 0 0 0/0 17:58 4:59 0:00
Markus Nutivaara 0 1 1 1 0 0 0 0 0 1 0/0 24:47 5:16 0:00
Matt Puempel 0 1 1 1 0 2 2 1 0 0 0/0 11:29 0:00 0:00
Michael Latta 2 0 2 0 0 7 3 0 2 0 3/7 19:23 4:59 1:25
Michael McCarron 0 0 0 1 0 0 0 0 0 0 0/0 7:25 0:03 0:00
Michal Jordan 0 1 1 1 0 1 1 1 1 1 0/0 21:25 4:39 0:00
Mitchell Heard 0 0 0 0 0 0 0 0 1 0 1/2 7:14 0:00 0:00
Niklas Hansson 0 0 0 2 0 0 0 1 0 0 0/0 12:47 0:00 1:22
Quinton Howden 0 2 2 1 0 2 1 1 1 0 5/7 12:27 0:00 0:54
Roberts Lipsbergs 0 0 0 1 0 1 1 0 0 0 0/0 7:25 0:03 0:00
Tobias Rieder 0 2 2 2 0 1 3 1 0 0 0/2 21:43 4:53 0:54
William Colbert 0 1 1 1 0 3 0 1 0 0 0/0 22:26 4:39 0:57
Players Stats for Heat
Player Name G A P +/- PIM S H SB GA TA FO MP PP MP PK MP
------------------------------------------------------------------------------------
Barclay Goodrow 0 0 0 0 0 1 1 0 0 0 0/0 6:56 0:00 0:00
Bryan Rust 0 1 1 -3 2 1 0 0 1 0 1/2 22:25 1:20 4:12
Chris Brown 0 0 0 0 0 2 0 0 0 0 3/4 9:50 0:00 2:07
Colby Cohen 0 0 0 0 2 0 2 0 0 1 0/0 12:41 0:00 0:42
David Savard 0 0 0 -3 0 1 1 1 2 1 0/0 26:35 1:25 5:21
Esa Lindell 1 1 2 -3 0 5 0 3 0 1 0/0 26:35 1:25 5:21
Evgeny Svechnikov 0 0 0 -1 0 0 1 0 0 0 0/0 9:25 0:00 0:00
Greg Pateryn 0 0 0 -1 0 1 1 3 0 2 0/0 22:02 0:54 4:34
Jake DeBrusk 0 0 0 -2 0 0 1 0 0 0 2/2 15:01 0:00 4:18
Kevin Labanc 2 1 3 1 0 6 2 1 1 1 0/0 14:12 0:59 0:00
Mathieu Brodeur 0 0 0 -1 2 2 2 2 0 1 0/0 21:31 0:54 3:40
Matthew Nieto 0 2 2 1 0 4 3 2 0 0 2/3 17:11 0:59 1:44
Peter Cehlarik 0 0 0 0 0 0 0 0 1 0 0/0 6:56 0:00 0:00
Philip Varone 0 1 1 -4 4 1 4 0 0 0 19/29 21:26 1:20 3:11
Rasmus Andersson 0 0 0 0 0 1 0 0 0 0 0/0 11:35 0:00 0:12
Ryan Spooner 0 0 0 -1 0 0 0 0 1 0 2/5 11:24 0:00 1:59
Tanner Pearson 0 0 0 -3 0 2 0 0 0 1 0/0 19:35 1:20 1:59
Tyler Shattock 0 0 0 0 0 0 0 0 0 0 0/0 0:00 0:00 0:00
Victor Rask 1 1 2 0 0 2 1 0 0 0 7/11 14:40 0:59 0:20
3 Stars
1 - Jake Virtanen (Cha)
2 - Jonathan Huberdeau (Cha)
3 - Kevin Labanc (Sto)
Power Play
Checkers - 0 on 5 Attempt(s) - 0.00%
Heat - 1 on 2 Attempt(s) - 50.00%
Penalty Kill
Checkers - 1 on 2 Attempt(s) - 50.00%
- Score 0 goal in Penalty Kill
Heat - 5 on 5 Attempt(s) - 100.00%
- Score 0 goal in Penalty Kill
Team Stat
Checkers - Hits : 25 - Faceoff Wins : 20 - Blocked Shots : 8 - Penalty Minutes : 4
Heat - Hits : 19 - Faceoff Wins : 36 - Blocked Shots : 12 - Penalty Minutes : 10
Official
Referees : Unknown
Linesman : Unknown
Game Notes
Jake Virtanen has scored a Hat Trick!
Finance
Level 1 -- Attendance: 1747 (87.35%) -- Ticket Income $69,880
Level 2 -- Attendance: 1000 (100.00%) -- Ticket Income $20,000
Total Attendance: 2747 (91.57%)
Total Ticket Income: $89,880
Other Income: $4,494
Total Income: $94,374
Checkers
5 vs 5 Forward
Center Left Wing Right Wing Time % Phy DF OF
1 Aleksander Barkov Jonathan Huberdeau Tobias Rieder 40 0 2 3
2 Michael Latta Kerby Rychel Jerry D'Amigo 30 0 2 3
3 Quinton Howden Matt Puempel Jake Virtanen 20 0 3 2
4 Mitchell Heard Roberts Lipsbergs Michael McCarron 10 1 2 2
5 vs 5 Defense
Defense Defense Time % Phy DF OF
1 Aaron Ekblad Markus Nutivaara 40 0 2 3
2 Michal Jordan William Colbert 30 0 2 3
3 John Draeger Niklas Hansson 20 1 2 2
4 Aaron Ekblad Markus Nutivaara 10 0 2 3
PowerPlay Forward
Center Left Wing Right Wing Time % Phy DF OF
1 Aleksander Barkov Jonathan Huberdeau Tobias Rieder 60 0 1 4
2 Michael Latta Kerby Rychel Jerry D'Amigo 40 0 1 4
PowerPlay Defense
Defense Defense Time % Phy DF OF
1 Aaron Ekblad Markus Nutivaara 60 0 2 3
2 Michal Jordan William Colbert 40 0 2 3
Penalty Kill 4 Players Forward
Center Wing Time % Phy DF OF
1 Michael Latta Jerry D'Amigo 60 1 3 1
2 Quinton Howden Tobias Rieder 40 1 3 1
Penalty Kill 4 Players Defense
Defense Defense Time % Phy DF OF
1 John Draeger Niklas Hansson 60 1 4 0
2 William Colbert Aaron Ekblad 40 1 4 0
Penalty Kill - 3 Players Forward
Forward Time % Phy DF OF
1 Michael Latta 60 1 3 1
2 Mitchell Heard 40 1 3 1
Penalty Kill - 3 Players Defense
Defense Defense Time % Phy DF OF
1 John Draeger Niklas Hansson 60 1 4 0
2 William Colbert Aaron Ekblad 40 1 4 0
4 vs 4 Forward
Center Wing Time % Phy DF OF
1 Aleksander Barkov Jonathan Huberdeau 60 0 2 3
2 Michael Latta Tobias Rieder 40 0 2 3
4 vs 4 Defense
Defense Defense Time % Phy DF OF
1 Aaron Ekblad Markus Nutivaara 60 0 2 3
2 William Colbert Michal Jordan 40 0 2 3
Last Minutes Offensive
Center Left Wing Right Wing Defense Defense
Aleksander Barkov Jonathan Huberdeau Tobias Rieder Aaron Ekblad Markus Nutivaara
Last Minutes Defensive
Center Left Wing Right Wing Defense Defense
Michael Latta Kerby Rychel Tobias Rieder John Draeger Niklas Hansson
Goaltenders
Starting : Igor Bobkov
Backup : Garret Sparks
Extra Forwards
Normal : Jake Virtanen, Jonathan Huberdeau, Aleksander Barkov - PP : Jake Virtanen, Jonathan Huberdeau - PK : Michael Latta
Extra Defensemen
Normal : Niklas Hansson, Markus Nutivaara, Aaron Ekblad - PP : William Colbert - PK : Aaron Ekblad, Niklas Hansson
Penalty Shots
Aleksander Barkov, Tobias Rieder, Quinton Howden, Michael Latta, Jonathan Huberdeau
Scratches
Viktor Baldayev (Healthy), Juuso Ikonen (Healthy), Keaton Thompson (Healthy), Kyle Platzer (Healthy), Connor Honey (Healthy)
Lukas Vejdemo (Healthy), Dmytro Timashov (Healthy), Anton Zlobin (Healthy), Nelson Nogier (Healthy), Jake Walman (Healthy)
Marek Langhamer (Healthy)
Heat
5 vs 5 Forward
Center Left Wing Right Wing Time % Phy DF OF
1 Philip Varone Tanner Pearson Bryan Rust 40 1 2 2
2 Victor Rask Matthew Nieto Kevin Labanc 30 1 2 2
3 Ryan Spooner Jake DeBrusk Evgeny Svechnikov 20 1 2 2
4 Chris Brown Peter Cehlarik Barclay Goodrow 10 1 2 2
5 vs 5 Defense
Defense Defense Time % Phy DF OF
1 David Savard Esa Lindell 40 1 2 2
2 Greg Pateryn Mathieu Brodeur 30 1 2 2
3 Colby Cohen Rasmus Andersson 20 1 2 2
4 Greg Pateryn Mathieu Brodeur 10 1 2 2
PowerPlay Forward
Center Left Wing Right Wing Time % Phy DF OF
1 Philip Varone Tanner Pearson Bryan Rust 60 1 2 2
2 Victor Rask Matthew Nieto Kevin Labanc 40 1 2 2
PowerPlay Defense
Defense Defense Time % Phy DF OF
1 David Savard Esa Lindell 60 1 2 2
2 Greg Pateryn Mathieu Brodeur 40 1 2 2
Penalty Kill 4 Players Forward
Center Wing Time % Phy DF OF
1 Philip Varone Bryan Rust 60 1 2 2
2 Ryan Spooner Tanner Pearson 40 1 2 2
Penalty Kill 4 Players Defense
Defense Defense Time % Phy DF OF
1 David Savard Esa Lindell 60 1 2 2
2 Greg Pateryn Mathieu Brodeur 40 1 2 2
Penalty Kill - 3 Players Forward
Forward Time % Phy DF OF
1 Bryan Rust 60 1 2 2
2 Philip Varone 40 1 2 2
Penalty Kill - 3 Players Defense
Defense Defense Time % Phy DF OF
1 David Savard Esa Lindell 60 1 2 2
2 Greg Pateryn Mathieu Brodeur 40 1 2 2
4 vs 4 Forward
Center Wing Time % Phy DF OF
1 Philip Varone Bryan Rust 60 1 2 2
2 Victor Rask Tanner Pearson 40 1 2 2
4 vs 4 Defense
Defense Defense Time % Phy DF OF
1 David Savard Esa Lindell 60 1 2 2
2 Greg Pateryn Mathieu Brodeur 40 1 2 2
Last Minutes Offensive
Center Left Wing Right Wing Defense Defense
Philip Varone Tanner Pearson Bryan Rust David Savard Esa Lindell
Last Minutes Defensive
Center Left Wing Right Wing Defense Defense
Philip Varone Tanner Pearson Bryan Rust David Savard Esa Lindell
Goaltenders
Starting : Antti Raanta
Backup : Michael Hutchinson
Extra Forwards
Normal : Tyler Shattock, Matthew Nieto, Jake DeBrusk - PP : Tyler Shattock, Matthew Nieto - PK : Jake DeBrusk
Extra Defensemen
Normal : Mathieu Brodeur, Colby Cohen, Rasmus Andersson - PP : Rasmus Andersson - PK : Mathieu Brodeur, Colby Cohen
Penalty Shots
Tanner Pearson, Bryan Rust, Philip Varone, Matthew Nieto, Jake DeBrusk
Scratches
Frank Corrado (Healthy), Christian Jaros (Healthy), Trevor Carrick (Healthy), Petteri Lindbohm (Healthy), Alexander True (Healthy)
Eric Karlsson (Healthy), John Gilmour (Healthy), Ryan Donato (Healthy), Vladislav Kamenev (Healthy), Dominik Masin (Healthy)
Brandon Hickey (Healthy), Nathan Lieuwen (Healthy), Vitek Vanecek (Healthy)
% Time on Ice - Checkers
Lines # - Real PCT - Wanted PCT - Time Play
Normal Forward
1 - 33% - 40% - 16:00
2 - 27% - 30% - 13:03
3 - 24% - 20% - 11:29
4 - 15% - 10% - 7:14
Normal Defense
1 - 40% - 40% - 18:53
2 - 35% - 30% - 16:50
3 - 24% - 20% - 11:25
4 - 1% - 10% - 0:38
PP Forward
1 - 50% - 60% - 4:56
2 - 50% - 40% - 4:59
PP Defense
1 - 53% - 60% - 5:16
2 - 47% - 40% - 4:39
PK Forward
1 - 61% - 60% - 1:25
2 - 39% - 40% - 0:54
PK Defense
1 - 59% - 60% - 1:22
2 - 41% - 40% - 0:57
PK3 Forward
1 - 0% - 60%
2 - 0% - 40%
PK3 Defense
1 - 0% - 60%
2 - 0% - 40%
44 Forward
1 - 0% - 60%
2 - 0% - 40%
44 Defense
1 - 0% - 60%
2 - 0% - 40%
Last Minute Offensive - 0:00
Last Minute Defensive - 0:00
Total
Forward - 60:00
Defense - 60:00
|
% Time on Ice - Heat
Lines # - Real PCT - Wanted PCT - Time Play
Normal Forward
1 - 38% - 40% - 18:12
2 - 28% - 30% - 13:13
3 - 20% - 20% - 9:25
4 - 15% - 10% - 6:56
Normal Defense
1 - 41% - 40% - 19:49
2 - 29% - 30% - 13:40
3 - 24% - 20% - 11:23
4 - 6% - 10% - 2:54
PP Forward
1 - 58% - 60% - 1:20
2 - 42% - 40% - 0:59
PP Defense
1 - 61% - 60% - 1:25
2 - 39% - 40% - 0:54
PK Forward
1 - 80% - 60% - 7:56
2 - 20% - 40% - 1:59
PK Defense
1 - 54% - 60% - 5:21
2 - 46% - 40% - 4:34
PK3 Forward
1 - 0% - 60%
2 - 0% - 40%
PK3 Defense
1 - 0% - 60%
2 - 0% - 40%
44 Forward
1 - 0% - 60%
2 - 0% - 40%
44 Defense
1 - 0% - 60%
2 - 0% - 40%
Last Minute Offensive - 0:00
Last Minute Defensive - 0:00
Total
Forward - 60:00
Defense - 60:00
|
Play-by-Play
1st period
0:01 of 1st period - Philip Varone wins face-off versus Aleksander Barkov in neutral zone.
0:43 of 1st period - Minor Penalty to Jake Virtanen for Roughing.
0:44 of 1st period - Philip Varone wins face-off versus Michael Latta in Checkers zone.
1:12 of 1st period - Off-side.
1:13 of 1st period - Victor Rask wins face-off versus Quinton Howden in neutral zone.
2:43 of 1st period - Penalty to Jake Virtanen is over, Jake Virtanen is back on ice.
2:59 of 1st period - David Savard is hit by Aaron Ekblad and loses puck.
3:05 of 1st period - Icing by Evgeny Svechnikov.
3:06 of 1st period - Aleksander Barkov wins face-off versus Ryan Spooner in Heat zone.
3:29 of 1st period - Jake DeBrusk is hit by Quinton Howden and loses puck.
3:40 of 1st period - Wrist shot by Jake DeBrusk.
3:40 of 1st period - Shot Blocked by Quinton Howden.
3:46 of 1st period - Snap shot by Jake DeBrusk.
3:46 of 1st period - Shot Blocked by Niklas Hansson.
3:48 of 1st period - Slapshot by Mathieu Brodeur.
3:48 of 1st period - Shot Hit the Post.
4:12 of 1st period - Snap shot by Tanner Pearson.
4:12 of 1st period - Shot Misses the Net.
4:18 of 1st period - Snap shot by Jonathan Huberdeau.
4:18 of 1st period - Goal by Jonathan Huberdeau - Checkers : 1 - Heat : 0.
4:19 of 1st period - Philip Varone wins face-off versus Aleksander Barkov in neutral zone.
5:03 of 1st period - Quinton Howden is hit by Victor Rask and loses puck.
5:20 of 1st period - William Colbert is hit by David Savard and loses puck.
5:58 of 1st period - Off-side.
5:59 of 1st period - Michael Latta wins face-off versus Philip Varone in neutral zone.
6:04 of 1st period - Bryan Rust is hit by Kerby Rychel.
6:11 of 1st period - Jerry D'Amigo is hit by Philip Varone and loses puck.
6:48 of 1st period - Slapshot by Quinton Howden.
6:48 of 1st period - Shot Misses the Net.
7:03 of 1st period - Icing by Markus Nutivaara.
7:04 of 1st period - Ryan Spooner wins face-off versus Mitchell Heard in Checkers zone.
7:19 of 1st period - Slapshot by Jake DeBrusk.
7:19 of 1st period - Shot Misses the Net.
7:30 of 1st period - Off-side.
7:31 of 1st period - Aleksander Barkov wins face-off versus Philip Varone in neutral zone.
7:43 of 1st period - Off-side.
7:44 of 1st period - Victor Rask wins face-off versus Aleksander Barkov in neutral zone.
8:36 of 1st period - Mitchell Heard is hit by Mathieu Brodeur and loses puck.
8:59 of 1st period - Wrist shot by Michael Latta.
8:59 of 1st period - Stopped by Antti Raanta with a rebound.
9:01 of 1st period - Slapshot by William Colbert.
9:01 of 1st period - Deflect By Jerry D'Amigo.
9:01 of 1st period - Stopped by Antti Raanta with a rebound.
9:03 of 1st period - Slapshot by Michal Jordan.
9:03 of 1st period - Deflect By Jerry D'Amigo.
9:03 of 1st period - Stopped by Antti Raanta without a rebound.
9:04 of 1st period - Philip Varone wins face-off versus Aleksander Barkov in Heat zone.
9:48 of 1st period - Slapshot by Esa Lindell.
9:48 of 1st period - Stopped by Igor Bobkov with a rebound.
9:50 of 1st period - Slapshot by Esa Lindell.
9:50 of 1st period - Stopped by Igor Bobkov with a rebound.
9:52 of 1st period - Slapshot by David Savard.
9:52 of 1st period - Stopped by Igor Bobkov without a rebound.
9:53 of 1st period - Chris Brown wins face-off versus Aleksander Barkov in Checkers zone.
9:53 of 1st period - Chris Brown is hit by Jonathan Huberdeau.
9:55 of 1st period - Slapshot by Rasmus Andersson.
9:55 of 1st period - Shot Misses the Net.
9:57 of 1st period - Wrist shot by Barclay Goodrow.
9:57 of 1st period - Stopped by Igor Bobkov with a rebound.
9:59 of 1st period - Snap shot by Rasmus Andersson.
9:59 of 1st period - Stopped by Igor Bobkov without a rebound.
10:00 of 1st period - Philip Varone wins face-off versus Aleksander Barkov in Checkers zone.
10:15 of 1st period - Snap shot by Jonathan Huberdeau.
10:15 of 1st period - Shot Misses the Net.
10:25 of 1st period - Rasmus Andersson is hit by Kerby Rychel and loses puck.
11:13 of 1st period - Slapshot by David Savard.
11:13 of 1st period - Shot Misses the Net.
11:54 of 1st period - Niklas Hansson is hit by Matthew Nieto and loses puck.
11:59 of 1st period - Slapshot by Kevin Labanc.
11:59 of 1st period - Stopped by Igor Bobkov with a rebound.
12:06 of 1st period - Off-side.
12:07 of 1st period - Quinton Howden wins face-off versus Philip Varone in neutral zone.
12:29 of 1st period - Icing by William Colbert.
12:30 of 1st period - Victor Rask wins face-off versus Aleksander Barkov in Checkers zone.
12:43 of 1st period - Snap shot by Matthew Nieto.
12:43 of 1st period - Stopped by Igor Bobkov with a rebound.
12:45 of 1st period - Slapshot by Rasmus Andersson.
12:45 of 1st period - Shot Blocked by Tobias Rieder.
13:09 of 1st period - Michal Jordan is hit by Colby Cohen.
13:55 of 1st period - Kevin Labanc is hit by Jonathan Huberdeau and loses puck.
14:08 of 1st period - Snap shot by Jonathan Huberdeau.
14:08 of 1st period - Deflect By Esa Lindell.
14:08 of 1st period - Shot Misses the Net.
14:08 of 1st period - Puck is out of play.
14:09 of 1st period - Mitchell Heard wins face-off versus Chris Brown in Heat zone.
14:58 of 1st period - Matthew Nieto is hit by Jonathan Huberdeau.
15:14 of 1st period - Minor Penalty to Colby Cohen for Interference.
15:15 of 1st period - Philip Varone wins face-off versus Aleksander Barkov in Heat zone.
15:26 of 1st period - Bryan Rust is hit by Tobias Rieder and loses puck.
15:55 of 1st period - Mathieu Brodeur is hit by Michael Latta.
17:14 of 1st period - Penalty to Colby Cohen is over, Colby Cohen is back on ice.
17:34 of 1st period - Wrist shot by Michael Latta.
17:34 of 1st period - Shot Blocked by Mathieu Brodeur.
17:36 of 1st period - Snap shot by Jerry D'Amigo.
17:36 of 1st period - Stopped by Antti Raanta with a rebound.
17:38 of 1st period - Slapshot by William Colbert.
17:38 of 1st period - Shot Blocked by Greg Pateryn.
17:40 of 1st period - Snap shot by William Colbert.
17:40 of 1st period - Stopped by Antti Raanta with a rebound.
17:42 of 1st period - Snap shot by Michal Jordan.
17:42 of 1st period - Stopped by Antti Raanta with a rebound.
17:44 of 1st period - Snap shot by Jerry D'Amigo.
17:44 of 1st period - Shot Blocked by Mathieu Brodeur.
17:46 of 1st period - Slapshot by William Colbert.
17:46 of 1st period - Stopped by Antti Raanta with a rebound.
17:48 of 1st period - Wrist shot by William Colbert.
17:48 of 1st period - Shot Blocked by Matthew Nieto.
17:50 of 1st period - Snap shot by Michael Latta.
17:50 of 1st period - Stopped by Antti Raanta without a rebound.
17:51 of 1st period - Chris Brown wins face-off versus Aleksander Barkov in Heat zone.
18:18 of 1st period - Tanner Pearson is hit by Matt Puempel and loses puck.
18:58 of 1st period - Snap shot by Kevin Labanc.
18:58 of 1st period - Stopped by Igor Bobkov with a rebound.
19:00 of 1st period - Slapshot by David Savard.
19:00 of 1st period - Shot Misses the Net.
19:02 of 1st period - Slapshot by Esa Lindell.
19:02 of 1st period - Stopped by Igor Bobkov with a rebound.
19:34 of 1st period - Mitchell Heard is hit by Barclay Goodrow and loses puck.
19:39 of 1st period - Slapshot by Greg Pateryn.
19:39 of 1st period - Shot Blocked by Aaron Ekblad.
19:41 of 1st period - Wrist shot by Chris Brown.
19:41 of 1st period - Deflect By Aaron Ekblad.
19:41 of 1st period - Stopped by Igor Bobkov with a rebound.
19:43 of 1st period - Slapshot by Greg Pateryn.
19:43 of 1st period - Deflect By Aaron Ekblad.
19:43 of 1st period - Stopped by Igor Bobkov with a rebound.
Goals for this period are 1 for Checkers vs 0 for Heat.
Shots for this period are 9 for Checkers vs 11 for Heat.
2nd period
0:01 of 2nd period - Philip Varone wins face-off versus Aleksander Barkov in neutral zone.
0:23 of 2nd period - Minor Penalty to Mathieu Brodeur for Roughing.
0:24 of 2nd period - Philip Varone wins face-off versus Aleksander Barkov in Heat zone.
0:30 of 2nd period - Icing by Tobias Rieder.
0:31 of 2nd period - Philip Varone wins face-off versus Tobias Rieder in Checkers zone.
1:02 of 2nd period - Tanner Pearson is hit by Michael Latta and loses puck.
2:23 of 2nd period - Penalty to Mathieu Brodeur is over, Mathieu Brodeur is back on ice.
3:21 of 2nd period - Slapshot by Esa Lindell.
3:21 of 2nd period - Shot Misses the Net.
4:27 of 2nd period - Matthew Nieto is hit by Jonathan Huberdeau and loses puck.
5:14 of 2nd period - Ryan Spooner is hit by Matt Puempel and loses puck.
5:29 of 2nd period - Philip Varone is hit by Jonathan Huberdeau and loses puck.
5:42 of 2nd period - Minor Penalty to Philip Varone for Interference.
5:43 of 2nd period - Jake DeBrusk wins face-off versus Aleksander Barkov in Heat zone.
6:10 of 2nd period - Icing by Tobias Rieder.
6:11 of 2nd period - Chris Brown wins face-off versus Aleksander Barkov in Checkers zone.
7:42 of 2nd period - Penalty to Philip Varone is over, Philip Varone is back on ice.
7:43 of 2nd period - Markus Nutivaara is hit by Philip Varone and loses puck.
8:02 of 2nd period - Wrist shot by Quinton Howden.
8:02 of 2nd period - Shot Hit the Post.
8:04 of 2nd period - Slapshot by Aaron Ekblad.
8:04 of 2nd period - Shot Misses the Net.
8:06 of 2nd period - Slapshot by Aaron Ekblad.
8:06 of 2nd period - Stopped by Antti Raanta with a rebound.
8:16 of 2nd period - John Draeger is hit by Colby Cohen.
9:04 of 2nd period - William Colbert is hit by Kevin Labanc and loses puck.
9:18 of 2nd period - Icing by Tanner Pearson.
9:19 of 2nd period - Michael Latta wins face-off versus Philip Varone in Heat zone.
9:28 of 2nd period - Wrist shot by Bryan Rust.
9:28 of 2nd period - Stopped by Igor Bobkov with a rebound.
9:30 of 2nd period - Wrist shot by Mathieu Brodeur.
9:30 of 2nd period - Stopped by Igor Bobkov without a rebound.
9:31 of 2nd period - Victor Rask wins face-off versus Aleksander Barkov in Checkers zone.
10:00 of 2nd period - Kerby Rychel is hit by Philip Varone and loses puck.
10:09 of 2nd period - Wrist shot by Tanner Pearson.
10:09 of 2nd period - Stopped by Igor Bobkov with a rebound.
10:19 of 2nd period - Quinton Howden is hit by Jake DeBrusk and loses puck.
10:47 of 2nd period - Slapshot by Michael McCarron.
10:47 of 2nd period - Shot Misses the Net.
10:49 of 2nd period - Wrist shot by Mitchell Heard.
10:49 of 2nd period - Shot Misses the Net.
11:42 of 2nd period - Wrist shot by Matt Puempel.
11:42 of 2nd period - Stopped by Antti Raanta without a rebound.
11:43 of 2nd period - Quinton Howden wins face-off versus Ryan Spooner in Heat zone.
12:19 of 2nd period - Snap shot by Michael Latta.
12:19 of 2nd period - Goal by Michael Latta - Checkers : 2 - Heat : 0.
12:20 of 2nd period - Philip Varone wins face-off versus Aleksander Barkov in neutral zone.
12:57 of 2nd period - Wrist shot by William Colbert.
12:57 of 2nd period - Stopped by Antti Raanta with a rebound.
12:59 of 2nd period - Snap shot by Michal Jordan.
12:59 of 2nd period - Shot Misses the Net.
13:11 of 2nd period - Matthew Nieto is hit by Jake Virtanen and loses puck.
13:37 of 2nd period - Roberts Lipsbergs is hit by Greg Pateryn and loses puck.
14:18 of 2nd period - Wrist shot by Michael Latta.
14:18 of 2nd period - Shot Misses the Net.
15:00 of 2nd period - Slapshot by Markus Nutivaara.
15:00 of 2nd period - Shot Blocked by Greg Pateryn.
15:02 of 2nd period - Slapshot by Roberts Lipsbergs.
15:02 of 2nd period - Stopped by Antti Raanta with a rebound.
15:27 of 2nd period - Wrist shot by Tobias Rieder.
15:27 of 2nd period - Shot Misses the Net.
15:35 of 2nd period - Kerby Rychel is hit by Evgeny Svechnikov and loses puck.
16:15 of 2nd period - Wrist shot by Jerry D'Amigo.
16:15 of 2nd period - Shot Blocked by Greg Pateryn.
16:30 of 2nd period - Backhand shot by Michael Latta.
16:30 of 2nd period - Stopped by Antti Raanta without a rebound.
16:31 of 2nd period - Philip Varone wins face-off versus Aleksander Barkov in Heat zone.
16:52 of 2nd period - Esa Lindell is hit by Tobias Rieder and loses puck.
17:06 of 2nd period - Snap shot by Tobias Rieder.
17:06 of 2nd period - Stopped by Antti Raanta without a rebound.
17:07 of 2nd period - Quinton Howden wins face-off versus Victor Rask in Heat zone.
17:14 of 2nd period - Snap shot by Jake Virtanen.
17:14 of 2nd period - Goal by Jake Virtanen - Checkers : 3 - Heat : 0.
17:15 of 2nd period - Aleksander Barkov wins face-off versus Philip Varone in neutral zone.
17:19 of 2nd period - Minor Penalty to Bryan Rust for Roughing.
17:20 of 2nd period - Philip Varone wins face-off versus Aleksander Barkov in Heat zone.
17:35 of 2nd period - Wrist shot by Jonathan Huberdeau.
17:35 of 2nd period - Stopped by Antti Raanta without a rebound.
17:36 of 2nd period - Philip Varone wins face-off versus Aleksander Barkov in Heat zone.
19:19 of 2nd period - Penalty to Bryan Rust is over, Bryan Rust is back on ice.
19:28 of 2nd period - Chris Brown is hit by John Draeger and loses puck.
19:47 of 2nd period - Greg Pateryn is hit by Roberts Lipsbergs and loses puck.
19:54 of 2nd period - Slapshot by Mathieu Brodeur.
19:54 of 2nd period - Stopped by Igor Bobkov with a rebound.
19:56 of 2nd period - Slapshot by David Savard.
19:56 of 2nd period - Deflect By Matthew Nieto.
19:56 of 2nd period - Stopped by Igor Bobkov without a rebound.
19:57 of 2nd period - Quinton Howden wins face-off versus Ryan Spooner in Checkers zone.
Goals for this period are 2 for Checkers vs 0 for Heat.
Shots for this period are 9 for Checkers vs 5 for Heat.
3rd period
0:01 of 3rd period - Aleksander Barkov wins face-off versus Philip Varone in neutral zone.
0:26 of 3rd period - Markus Nutivaara is hit by Matthew Nieto and loses puck.
0:31 of 3rd period - Wrist shot by Kevin Labanc.
0:31 of 3rd period - Goal by Kevin Labanc - Checkers : 3 - Heat : 1.
0:32 of 3rd period - Philip Varone wins face-off versus Aleksander Barkov in neutral zone.
1:13 of 3rd period - Wrist shot by Philip Varone.
1:13 of 3rd period - Stopped by Igor Bobkov with a rebound.
1:15 of 3rd period - Slapshot by Tanner Pearson.
1:15 of 3rd period - Shot Misses the Net.
1:17 of 3rd period - Backhand shot by Philip Varone.
1:17 of 3rd period - Deflect By Tanner Pearson.
1:17 of 3rd period - Stopped by Igor Bobkov with a rebound.
1:23 of 3rd period - Snap shot by Tanner Pearson.
1:23 of 3rd period - Shot Blocked by Matt Puempel.
1:25 of 3rd period - Slapshot by Colby Cohen.
1:25 of 3rd period - Deflect By Philip Varone.
1:25 of 3rd period - Shot Misses the Net.
1:25 of 3rd period - Puck is out of play.
1:26 of 3rd period - Aleksander Barkov wins face-off versus Victor Rask in Checkers zone.
1:26 of 3rd period - Aleksander Barkov is hit by Matthew Nieto.
1:27 of 3rd period - Minor Penalty to Aleksander Barkov for Hooking.
1:28 of 3rd period - Victor Rask wins face-off versus Michael Latta in Checkers zone.
1:35 of 3rd period - Slapshot by Matthew Nieto.
1:35 of 3rd period - Stopped by Igor Bobkov with a rebound.
1:37 of 3rd period - Slapshot by Matthew Nieto.
1:37 of 3rd period - Shot Blocked by John Draeger.
1:39 of 3rd period - Snap shot by Victor Rask.
1:39 of 3rd period - Stopped by Igor Bobkov without a rebound.
1:40 of 3rd period - Bryan Rust wins face-off versus Michael Latta in Checkers zone.
1:45 of 3rd period - Wrist shot by Bryan Rust.
1:45 of 3rd period - Shot Misses the Net.
1:47 of 3rd period - Slapshot by Esa Lindell.
1:47 of 3rd period - Goal by Esa Lindell - Checkers : 3 - Heat : 2.
1:48 of 3rd period - Matthew Nieto wins face-off versus Aleksander Barkov in neutral zone.
2:21 of 3rd period - Wrist shot by Michael Latta.
2:21 of 3rd period - Shot Misses the Net.
2:23 of 3rd period - Snap shot by Kerby Rychel.
2:23 of 3rd period - Shot Hit the Post.
2:43 of 3rd period - Jake DeBrusk is hit by Jake Virtanen and loses puck.
3:23 of 3rd period - Backhand shot by Esa Lindell.
3:23 of 3rd period - Stopped by Igor Bobkov with a rebound.
3:40 of 3rd period - Wrist shot by Michael Latta.
3:40 of 3rd period - Stopped by Antti Raanta without a rebound.
3:41 of 3rd period - Michael Latta wins face-off versus Philip Varone in Heat zone.
4:33 of 3rd period - Wrist shot by Kevin Labanc.
4:33 of 3rd period - Stopped by Igor Bobkov with a rebound.
4:35 of 3rd period - Slapshot by Mathieu Brodeur.
4:35 of 3rd period - Shot Misses the Net.
4:37 of 3rd period - Slapshot by Matthew Nieto.
4:37 of 3rd period - Shot Misses the Net.
5:26 of 3rd period - Icing by Michael Latta.
5:27 of 3rd period - Ryan Spooner wins face-off versus Aleksander Barkov in Checkers zone.
5:40 of 3rd period - Snap shot by Aleksander Barkov.
5:40 of 3rd period - Stopped by Antti Raanta with a rebound.
5:42 of 3rd period - Slapshot by Aleksander Barkov.
5:42 of 3rd period - Stopped by Antti Raanta with a rebound.
5:52 of 3rd period - Michael Latta is hit by Philip Varone and loses puck.
6:14 of 3rd period - Snap shot by Quinton Howden.
6:14 of 3rd period - Shot Misses the Net.
6:16 of 3rd period - Slapshot by Jake Virtanen.
6:16 of 3rd period - Stopped by Antti Raanta with a rebound.
6:18 of 3rd period - Wrist shot by Jake Virtanen.
6:18 of 3rd period - Goal by Jake Virtanen - Checkers : 4 - Heat : 2.
6:19 of 3rd period - Aleksander Barkov wins face-off versus Victor Rask in neutral zone.
7:50 of 3rd period - Off-side.
7:51 of 3rd period - Victor Rask wins face-off versus Aleksander Barkov in neutral zone.
9:07 of 3rd period - Victor Rask is hit by Jake Virtanen and loses puck.
9:12 of 3rd period - Snap shot by Matt Puempel.
9:12 of 3rd period - Stopped by Antti Raanta with a rebound.
9:22 of 3rd period - Wrist shot by Jake Virtanen.
9:22 of 3rd period - Stopped by Antti Raanta without a rebound.
9:23 of 3rd period - Aleksander Barkov wins face-off versus Philip Varone in Heat zone.
9:57 of 3rd period - Snap shot by Jake DeBrusk.
9:57 of 3rd period - Deflect By Ryan Spooner.
9:57 of 3rd period - Shot Misses the Net.
9:57 of 3rd period - Puck is out of play.
9:58 of 3rd period - Aleksander Barkov wins face-off versus Victor Rask in Checkers zone.
11:48 of 3rd period - Snap shot by Jerry D'Amigo.
11:48 of 3rd period - Shot Blocked by Matthew Nieto.
11:50 of 3rd period - Snap shot by Michael Latta.
11:50 of 3rd period - Goal by Michael Latta - Checkers : 5 - Heat : 2.
11:51 of 3rd period - Philip Varone wins face-off versus Aleksander Barkov in neutral zone.
12:24 of 3rd period - Kevin Labanc is hit by Jerry D'Amigo.
12:42 of 3rd period - Wrist shot by Jake Virtanen.
12:42 of 3rd period - Stopped by Antti Raanta with a rebound.
13:06 of 3rd period - Peter Cehlarik is hit by John Draeger and loses puck.
13:43 of 3rd period - Snap shot by Michael Latta.
13:43 of 3rd period - Stopped by Antti Raanta with a rebound.
13:45 of 3rd period - Slapshot by Michael Latta.
13:45 of 3rd period - Shot Misses the Net.
13:47 of 3rd period - Wrist shot by Jerry D'Amigo.
13:47 of 3rd period - Shot Blocked by Kevin Labanc.
14:05 of 3rd period - Wrist shot by Quinton Howden.
14:05 of 3rd period - Shot Blocked by Esa Lindell.
14:07 of 3rd period - Snap shot by Quinton Howden.
14:07 of 3rd period - Stopped by Antti Raanta with a rebound.
14:09 of 3rd period - Slapshot by Quinton Howden.
14:09 of 3rd period - Stopped by Antti Raanta without a rebound.
14:10 of 3rd period - Philip Varone wins face-off versus Aleksander Barkov in Heat zone.
14:12 of 3rd period - Minor Penalty to Philip Varone for Hooking.
14:13 of 3rd period - Jake DeBrusk wins face-off versus Aleksander Barkov in Heat zone.
14:39 of 3rd period - Mathieu Brodeur is hit by Michael Latta.
16:12 of 3rd period - Penalty to Philip Varone is over, Philip Varone is back on ice.
16:12 of 3rd period - David Savard is hit by Michal Jordan and loses puck.
16:19 of 3rd period - Wrist shot by Jake Virtanen.
16:19 of 3rd period - Goal by Jake Virtanen - Checkers : 6 - Heat : 2.
16:20 of 3rd period - Quinton Howden wins face-off versus Philip Varone in neutral zone.
16:25 of 3rd period - Snap shot by Quinton Howden.
16:25 of 3rd period - Shot Misses the Net.
16:47 of 3rd period - Victor Rask is hit by Tobias Rieder.
16:53 of 3rd period - Snap shot by Kevin Labanc.
16:53 of 3rd period - Stopped by Igor Bobkov without a rebound.
16:54 of 3rd period - Aleksander Barkov wins face-off versus Matthew Nieto in Checkers zone.
17:03 of 3rd period - Snap shot by Victor Rask.
17:03 of 3rd period - Shot Misses the Net.
17:05 of 3rd period - Wrist shot by Rasmus Andersson.
17:05 of 3rd period - Shot Blocked by William Colbert.
17:07 of 3rd period - Snap shot by Matthew Nieto.
17:07 of 3rd period - Stopped by Igor Bobkov with a rebound.
17:31 of 3rd period - Icing by Michal Jordan.
17:32 of 3rd period - Victor Rask wins face-off versus Michael Latta in Checkers zone.
17:47 of 3rd period - Snap shot by Kevin Labanc.
17:47 of 3rd period - Goal by Kevin Labanc - Checkers : 6 - Heat : 3.
17:48 of 3rd period - Philip Varone wins face-off versus Aleksander Barkov in neutral zone.
18:00 of 3rd period - Wrist shot by Jonathan Huberdeau.
18:00 of 3rd period - Shot Blocked by Esa Lindell.
18:02 of 3rd period - Wrist shot by Tobias Rieder.
18:02 of 3rd period - Shot Misses the Net.
18:04 of 3rd period - Snap shot by Aleksander Barkov.
18:04 of 3rd period - Goal by Aleksander Barkov - Checkers : 7 - Heat : 3.
18:05 of 3rd period - Philip Varone wins face-off versus Aleksander Barkov in neutral zone.
18:20 of 3rd period - Wrist shot by Jonathan Huberdeau.
18:20 of 3rd period - Shot Blocked by David Savard.
18:30 of 3rd period - Michael Latta is hit by Kevin Labanc.
18:58 of 3rd period - Snap shot by Chris Brown.
18:58 of 3rd period - Shot Blocked by Michal Jordan.
19:00 of 3rd period - Wrist shot by Chris Brown.
19:00 of 3rd period - Stopped by Igor Bobkov without a rebound.
19:01 of 3rd period - Philip Varone wins face-off versus Tobias Rieder in Checkers zone.
19:12 of 3rd period - Markus Nutivaara is hit by Mathieu Brodeur.
19:17 of 3rd period - Off-side.
19:18 of 3rd period - Matthew Nieto wins face-off versus Quinton Howden in neutral zone.
19:33 of 3rd period - Snap shot by Victor Rask.
19:33 of 3rd period - Goal by Victor Rask - Checkers : 7 - Heat : 4.
19:34 of 3rd period - Aleksander Barkov wins face-off versus Bryan Rust in neutral zone.
19:41 of 3rd period - Backhand shot by Aleksander Barkov.
19:41 of 3rd period - Deflect By Jonathan Huberdeau.
19:41 of 3rd period - Shot Blocked by Esa Lindell.
19:41 of 3rd period - Puck is out of play.
19:42 of 3rd period - Jonathan Huberdeau wins face-off versus Philip Varone in Heat zone.
Goals for this period are 4 for Checkers vs 4 for Heat.
Shots for this period are 14 for Checkers vs 13 for Heat.